 Dungeon Crawl Stone Soup version 0.29-a0-375-g5102b3be25 (webtiles) character file.

Game seed: 12879173418499334288

790 happo123 the Ruffian (level 7, 0/71 HPs)
             Began as a Troll Berserker on May 3, 2022.
             Was a Priest of Trog.
             Slain by Dowan
             ... wielding a +0 dagger of freezing
              (1 damage)
             ... on level 4 of the Dungeon.
             The game lasted 00:17:58 (2732 turns).

happo123 the Ruffian (Troll Berserker)              Turns: 2732, Time: 00:18:00

Health: 0/71       AC: -4    Str: 28    XL:     7   Next: 57%
Magic:  6/6        EV: 14    Int:  3    God:    Trog [***...]
Gold:   177        SH:  0    Dex:  9    Spells: 6/6 levels left

rFire   . . .      SeeInvis .   x - +0 quarterstaff (spect)
rCold   . . .      Faith    .   (shield currently unavailable)
rNeg    . . .      Spirit   .   a - +0 animal skin
rPois   .          Reflect  .   (helmet restricted)
rElec   .          Harm     .   (no cloak)
rCorr   .          Rampage  .   (gloves unavailable)
Will    ++...                   (boots unavailable)
Stlth   +.........              (no amulet)
HPRegen 2.01/turn               t - +4 ring of evasion
MPRegen 0.10/turn               (no ring)

@: strong-willed, corroded, regenerating
A: large, unfitting armour, claws 3, regeneration 1, shaggy fur 1, tough skin 1
a: Renounce Religion, Berserk, Trog's Hand


You were on level 4 of the Dungeon.
You worshipped Trog.
Trog was most pleased with you.
You visited 1 branch of the dungeon, and saw 5 of its levels.

You collected 177 gold pieces.

Inventory:

Hand Weapons
 b - a +1 vorpal mace
 w - a +1 long sword of protection
 x - a +0 spectral quarterstaff (weapon)
Missiles
 m - a throwing net (quivered)
Armour
 a - a +0 animal skin (worn)
Jewellery
 t - a +4 ring of evasion (left claw)
Scrolls
 c - a scroll of vulnerability {unknown}
 e - a scroll of noise {unknown}
 f - 2 scrolls of fog {unknown}
 i - a scroll of poison {unknown}
 j - a scroll of enchant armour {unknown}
 l - 3 scrolls of identify {unknown}
 n - a scroll of immolation {unknown}
 p - 3 scrolls of teleportation {unknown}
 q - 2 scrolls of enchant weapon {unknown}
 v - a scroll of fear {unknown}
Potions
 d - a potion of degeneration {unknown}
 g - 3 potions of attraction {unknown}
 h - 2 potions of curing {unknown}
 k - a potion of resistance {unknown}
 o - a potion of invisibility {unknown}
 r - a potion of mutation {unknown}
 s - 2 potions of brilliance {unknown}
 u - a potion of might {unknown}


   Skills:
 + Level 4.7 Fighting
 + Level 4.7 Dodging
 + Level 5.7 Unarmed Combat


You had 6 spell levels left.
You didn't know any spells.
Your spell library was empty.

Dungeon Overview and Level Annotations

Branches:
Dungeon (5/15)
 Temple: D:4-7

Altars:
Ru

Shops:
D:3 [

Annotations:
D:4 Dowan


Innate Abilities, Weirdness & Mutations

You are too large for most types of armour.
You have claws for hands.
Your natural rate of healing is unusually fast.
You are covered in fur. (AC +1)
You have tough skin. (AC +1)


Message History

The jelly is lightly wounded.
Dowan points at you and mumbles some strange words.
The stone arrow hits you! The jelly misses you.
Your skin crawls.
You feel strong-willed. The jelly closely misses you.
Dowan casts a spell.
Dowan blinks!
You hit the jelly. The acid corrodes you!
Your claws burn!
The jelly is moderately wounded.
The jelly hits you. The acid corrodes you!
You are splashed with acid!
* * * LOW HITPOINT WARNING * * *
The jelly misses you.
You sock the jelly!
Your claws burn!
* * * LOW HITPOINT WARNING * * *
The jelly is almost dead.
Dowan mumbles some strange words.
Dowan blinks!
The jelly barely misses you.
You hit the jelly.
You kill the jelly!
Trog accepts your kill. Dowan misses you.
Dowan hits you with a +0 dagger of freezing.
* * * LOW HITPOINT WARNING * * *
Dowan freezes you.
* * * LOW HITPOINT WARNING * * *
You closely miss Dowan.
Dowan is moderately wounded.
Dowan hits you with a +0 dagger of freezing!
* * * LOW HITPOINT WARNING * * *
Dowan freezes you.
* * * LOW HITPOINT WARNING * * *
Dowan closely misses you.
You closely miss Dowan.
Dowan is moderately wounded.
Dowan barely misses you.
Dowan hits you with a +0 dagger of freezing.
* * * LOW HITPOINT WARNING * * *
Dowan freezes you.
You die...

)##...#####.###.#
#.# .#.....#
#.###.###.#
###...##
#.........# ##.##
###.#.#†### #.#
#.#...# #.#
#.##..# #+#
#.....# ####e##
#@# #.# !.# ....
..[#. ##.. .# ###
.# .# ## #+#


You could see Dowan (fast).

Vanquished Creatures
  Grinder (D:4)
  Duvessa (D:4)
  A centaur (D:5)
  A necrophage (D:4)
  2 jellies
  2 hounds (D:5)
  An iguana (D:5)
  An orc wizard (D:5)
  3 gnolls (D:3)
  4 adders
  A white imp (D:5)
  An ufetubus (D:5)
  2 dart slugs
  6 orcs
  8 bats
  7 endoplasms
  4 giant cockroaches
  8 goblins
  8 hobgoblins
  5 jackals
  7 kobolds
  4 quokkas
  10 ball pythons
  5 frilled lizards
  5 rats
98 creatures vanquished.

Notes
Turn   | Place    | Note
-------+----------+-------------------------------------------
     0 | D:1      | happo123 the Troll Berserker began the quest for the Orb.
     0 | D:1      | Reached XP level 1. HP: 22/22 MP: 0/0
   112 | D:1      | Reached XP level 2. HP: 29/29 MP: 1/1
   457 | D:1      | Reached XP level 3. HP: 36/36 MP: 2/2
   505 | D:1      | Reached ** piety under Trog
  1042 | D:2      | Reached XP level 4. HP: 45/45 MP: 3/3
  1579 | D:3      | Found a sacrificial altar of Ru.
  1589 | D:3      | You fall into a shaft and drop 2 floors!
  1589 | D:5      | Entered Level 5 of the Dungeon
  1682 | D:5      | Reached skill level 4 in Unarmed Combat
  1684 | D:5      | Reached XP level 5. HP: 16/53 MP: 4/4
  1853 | D:5      | Noticed a centaur
  1858 | D:5      | Killed a centaur
  1859 | D:5      | Reached XP level 6. HP: 62/62 MP: 5/5
  1912 | D:5      | Reached *** piety under Trog
  2034 | D:3      | Found a faded altar of an unknown god.
  2541 | D:3      | Found Siopn's Armour Emporium.
  2647 | D:4      | Noticed Grinder
  2650 | D:4      | Paralysed by Grinder for 3 turns
  2659 | D:4      | Paralysed by Grinder for 3 turns
  2667 | D:4      | Killed Grinder
  2668 | D:4      | Reached skill level 5 in Unarmed Combat
  2668 | D:4      | Reached XP level 7. HP: 71/71 MP: 6/6
  2712 | D:4      | Noticed Duvessa
  2713 | D:4      | Noticed Dowan
  2720 | D:4      | Killed Duvessa
  2731 | D:4      | HP: 3/71 [Dowan/+0 dagger of freezing (4)]
  2732 | D:4      | HP: 1/71 [Dowan/+0 dagger of freezing (4)]
  2732 | D:4      | Slain by Dowan

Illustrated notes

Levels and vault maps discovered:
D:1:      lightli_arrival_isolated_outpost, layout_loops_ring
D:2:      layout_rooms, lemuel_old_faithful
D:3:      kennysheep_six_static_rooms, layout_basic,
          mainiacjoe_overflow_catwalk, serial_shops, nicolae_shop_hallway_plus,
          hellmonk_ecumenical_altar_leap_of_faith
D:4:      layout_loops_corners, uniq_menkaure, uniq_grinder, uniq_duvessa
D:5:      minmay_skewed_foursquare, layout_rooms, zin_angel,
          lemuel_doored_altar, nicolae_gozag_seed_capital, serial_shops,
          nicolae_lakefront_shop, kennysheep_pointless_box

Skill      XL: |  1  2  3  4  5  6 |
---------------+-------------------+-----
Dodging        | 3 4 |  4.7
Fighting       | 3 4 |  4.7
Unarmed Combat | 4 5 |  5.7

Action                   |  1- 3 |  4- 6 |  7- 9 || total
-------------------------+-------+-------+-------++-------
Melee: Mace              |   155 |   134 |       ||   289
       Punch             |     2 |     1 |       ||     3
       Quarterstaff      |       |     7 |    16 ||    23
Invok: Berserk           |     1 |     3 |       ||     4
       Trog's Hand       |     1 |       |     1 ||     2
 Stab: Sleeping          |     1 |     1 |       ||     2
Armor: Animal skin       |    89 |    44 |       ||   133
Dodge: Dodged            |   132 |   111 |    12 ||   255

Table legend: (Time is in decaauts)
 A = Elapsed time spent in this place.
 B = Non-inter-level travel time spent in this place.
 C = Inter-level travel time spent in this place.
 D = Time resting spent in this place.
 E = Time spent auto-exploring this place.
 F = Levels seen in this place.
 G = Mean time per level.
                   A        B        C        D        E       F      G
               +--------+--------+--------+--------+--------+-----+--------+
         Total |   2881 |   2352 |    529 |     91 |   1498 |   5 |  576.2 |
       Dungeon |   2881 |   2352 |    529 |     91 |   1498 |   5 |  576.2 |
               +--------+--------+--------+--------+--------+-----+--------+

Top non-repeatable levels by time:
     D:3: 940 daAuts
     D:1: 721 daAuts
     D:2: 582 daAuts
     D:5: 431 daAuts
     D:4: 204 daAuts
